 Dungeon Crawl Stone Soup version 0.20-a0-1117-g62da73f (webtiles) character file.

153050 mopl the Cruncher (level 17, -1/196 HPs)
             Began as a Gnoll Berserker on May 5, 2017.
             Was the Champion of Trog.
             Slain by a 14-headed hydra (2 damage)
             ... on level 3 of the Swamp on May 9, 2017.
             The game lasted 01:56:06 (41265 turns).

mopl the Cruncher (Gnoll Berserker)                Turns: 41265, Time: 01:56:06

Health: -1/196     AC: 23    Str: 25    XL:     17   Next: 59%
Magic:  24/24      EV: 16    Int:  8    God:    Trog [******]
Gold:   672        SH:  0    Dex: 22    Spells: 16/16 levels left

rFire    . . .     SeeInvis +   b - +3 lajatang (drain)
rCold    + . .     Gourm    .   (shield currently unavailable)
rNeg     + + +     Faith    +   f - +0 plate armour {rF+}
rPois    +         Spirit   .   Q - +2 hat {SInv}
rElec    .         Reflect  .   A - +1 cloak "Yrorhet" {rPois rN++ Str-2 Dex-2}
rCorr    .         Harm     .   p - +0 pair of gloves {archery}
MR       +....                  Z - +1 pair of boots
Stlth    ..........             x - amulet of faith {!P}
Regen    0.5/turn               B - ring of Teorudam {Ice Str+4}
MPRegen  0.2/turn               n - ring "Uttuhier" {+Blink rN+ MR+ Dex+6, =R}

@: berserking, flying, very quick
A: short attention span, fangs 1, strong nose
a: Berserk, Trog's Hand, Brothers in Arms, Burn Spellbooks, Renounce Religion,
Evoke Blink


You were on level 3 of the Swamp.
You worshipped Trog.
Trog was exalted by your worship.
You were not hungry.

You visited 4 branches of the dungeon, and saw 27 of its levels.
You visited 1 bazaar.
You also visited: Ice Cave.

You collected 3205 gold pieces.
You spent 2533 gold pieces at shops.

Inventory:

Hand Weapons
 a - a +7 antimagic lajatang
 b - a +3 lajatang of draining (weapon)
 s - a +2 quarterstaff of speed
Missiles
 g - 830 stones
 J - 4 javelins of returning (quivered)
 L - 6 tomahawks of dispersal
 V - 3 javelins
 Y - 6 poisoned javelins
Armour
 f - a +0 plate armour of fire resistance (worn)
 p - a +0 pair of gloves of archery (worn)
 A - the +1 cloak "Yrorhet" (worn) {rPois rN++ Str-2 Dex-2}
   (You bought it in a shop in a bazaar)

   It affects your strength (-2).
   It affects your dexterity (-2).
   It protects you from poison.
   It greatly protects you from negative energy.
 Q - a +2 hat of see invisible (worn)
 Z - a +1 pair of boots (worn)
Jewellery
 n - the ring "Uttuhier" (right hand) {+Blink rN+ MR+ Dex+6, =R}
   (You found it in an ice cave)

   [ring of positive energy]

   It affects your dexterity (+6).
   It protects you from negative energy.
   It affects your resistance to hostile enchantments.
   It lets you blink.
 v - an uncursed ring of flight
 x - an amulet of faith (around neck) {!P}
 B - the ring of Teorudam (left hand) {Ice Str+4}
   (You found it on level 2 of the Lair of Beasts)

   [ring of ice]

   It enhances your ice magic.
   It affects your strength (+4).
   It makes you vulnerable to fire.
   It protects you from cold.
 T - a +4 ring of dexterity
Wands
 j - a wand of acid (8/15)
 l - a wand of iceblast (5/15)
 t - a wand of polymorph (20/24)
 u - a wand of disintegration (10/24)
 z - a wand of lightning (7/15)
 E - a wand of paralysis (2/24)
 I - a wand of clouds (9/9)
 K - a wand of iceblast (11/15)
 N - a wand of iceblast (6/15)
 X - a wand of confusion (22/48)
Scrolls
 h - 5 scrolls of remove curse
 k - 17 scrolls of teleportation
 q - a scroll of vulnerability
 y - 5 scrolls of fear
 C - 10 scrolls of identify
 F - 3 scrolls of magic mapping
 O - 3 scrolls of silence {!r}
 P - 3 scrolls of blinking
 S - 2 scrolls of summoning
 U - 4 scrolls of fog
Potions
 d - 7 potions of resistance
 e - 8 potions of might
 i - a potion of invisibility
 o - 14 potions of curing
 r - 4 potions of haste
 w - 3 potions of cancellation
 D - 3 potions of heal wounds
 R - 3 potions of flight
 W - a potion of agility
Books
 G - a book of Unlife

   Spells                             Type                      Level
   a - Recall                         Summoning/Translocation      3
   b - Animate Dead                   Necromancy                   4
   c - Control Undead                 Necromancy                   4
   d - Cigotuvi's Embrace             Necromancy                   5
   e - Death Channel                  Necromancy                   6
   f - Simulacrum                     Ice/Necromancy               6
   Trog disapproves of the use of such an item.
 H - a book of Misfortune

   Spells                             Type                      Level
   a - Confusing Touch                Hexes                        1
   b - Confuse                        Hexes                        3
   c - Gell's Gravitas                Translocation                3
   d - Petrify                        Transmutation/Earth          4
   e - Metabolic Englaciation         Hexes/Ice                    5
   f - Yara's Violent Unravelling     Hexes/Transmutation          5
   Trog disapproves of the use of such an item.
Miscellaneous
 m - a phantom mirror
 M - a fan of gales
Comestibles
 c - 9 bread rations


   Skills:
 + Level 11.5 Fighting
   Level 4.8(10.7) Maces & Flails
 * Level 12.4 Staves
 + Level 10.3 Throwing
 + Level 11.6 Armour
 + Level 11.5 Dodging
 - Level 10.0 Evocations


You had 16 spell levels left.
You didn't know any spells.

Dungeon Overview and Level Annotations

Branches:
Dungeon (15/15)            Temple (0/1) D:5            Lair (6/6) D:10
  Swamp (4/4) Lair:3       Spider (0/4) Lair:2        Slime (0/5) Lair:6
    Orc (2/2) D:12            Elf (0/3) Orc:2        Vaults (0/5) D:14
 Depths (0/5) D:15

Altars:
Ashenzari
Cheibriados
Dithmenos
Fedhas
Gozag
Hepliaklqana
Makhleb
Nemelex Xobeh
Sif Muna
Trog
Uskayaw
Vehumet
Yredelemnul
Beogh

Shops:
D:7 %   D:8 ?   Orc:1 :?*?   Orc:2 ([%**


Innate Abilities, Weirdness & Mutations

You have a short attention span.
You have very sharp teeth.
Your uncanny sense of smell can sniff out nearby items.


Message History

The 11-headed hydra grows two more!
You slash the 13-headed hydra! You drain the 13-headed hydra!
The 13-headed hydra is almost dead.
Unknown command.
You slice one of the 13-headed hydra's heads off!
The 12-headed hydra grows two more!
You hit the 14-headed hydra. You drain the 14-headed hydra!
Your bite misses the 14-headed hydra.
The 14-headed hydra is almost dead.
The 14-headed hydra bites you.
* * * LOW HITPOINT WARNING * * *
The 14-headed hydra closely misses you.
The 14-headed hydra barely misses you. x2
The 14-headed hydra bites you but does no damage.
The 14-headed hydra completely misses you.
The 14-headed hydra misses you. The 14-headed hydra bites you.
* * * LOW HITPOINT WARNING * * *
The 14-headed hydra bites you but does no damage.
The 14-headed hydra misses you.
The 14-headed hydra bites you but does no damage. x3
The 14-headed hydra bites you.
You die...

♣♣.≈...≈♣♣♣♣♣♣♣
♣♣♣.......♣♣...♣♣♣♣
♣♣....#....<≈≈≈≈..≈♣♣
♣≈....#....≈.≈F≈≈..≈♣ ♣♣
♣♣≈....##..≈.....≈♣♣♣♣
≈♣♣♣♣≈)....#.≈≈..≈≈§.♣♣.♣♣
≈≈≈♣...≈≈....≈≈≈.≈≈≈.≈♣..♣
♣.≈.#.....##.≈.♣≈§≈..≈♣..♣
.≈.......##..≈..@..♣♣≈≈§.♣
≈§...##..#..≈≈≈D≈≈.≈♣..≈♣♣
≈≈..........≈≈≈≈≈.≈≈.)≈.♣♣
≈≈≈.≈.≈≈≈♣♣.≈≈≈≈≈.≈≈≈≈≈≈.♣
≈≈≈≈...≈.♣♣≈/≈≈≈..§...≈.♣♣
♣≈≈...≈..≈.≈≈....≈≈.≈§≈.≈♣
♣≈≈≈.≈≈≈.≈≈..≈≈..≈≈.≈.≈≈♣♣
♣♣♣≈.≈≈.♣.≈≈.≈≈§≈≈.♣♣♣♣≈♣
♣♣♣§≈≈≈.♣♣≈♣.≈≈≈≈≈≈♣♣ ♣♣♣


You could see a 14-headed hydra and a blink frog.

Vanquished Creatures
  An Ice Fiend (IceCv)
  Gastronok (D:12)
  An ettin (D:15)
  Josephine (D:10)
  Erolcha (D:9)
  2 fire dragons
  12 hydras
  5 centaur warriors
  An ice dragon (D:13)
  A catoblepas (Lair:6)
  14 two-headed ogres
  9 alligators
  A tengu warrior (D:15)
  3 ogre magi
  9 death yaks
  A deep elf knight (D:14)
  Sonja (D:13)
  An unseen horror (D:12)
  A skeletal warrior (D:14)
  A flayed ghost (D:7)
  7 swamp dragons
  A deep troll (D:15)
  A shambling mangrove (Swamp:3)
  2 orc knights
  An ugly thing (D:13)
  4 lindwurms (Lair:2)
  2 orc sorcerers
  A wolf spider (shapeshifter) (D:8)
  5 deep elf magi
  4 cyclopes
  3 manticores
  15 elephants
  3 centaur zombies
  6 ice statues
  Psyche (D:8)
  9 black mambas
  5 gargoyles
  20 spiny frogs
  10 komodo dragons
  A rime drake (shapeshifter) (D:7)
  2 kobold demonologists
  A redback zombie (D:15)
  2 tengu conjurers (D:13)
  4 anaconda simulacra (IceCv)
  4 ice devils (IceCv)
  5 freezing wraiths
  6 trolls
  3 meliai (Lair:5)
  A meliai (shapeshifter) (D:15)
  A queen bee (Lair:5)
  A harpy zombie (D:15)
  14 hornets
  13 blink frogs
  Grinder (D:6)
  2 polar bears (Lair:6)
  6 tyrant leeches
  8 dream sheep
  6 bog bodies
  40 slime creatures
  14 hippogriffs
  4 shadows
  7 spriggans
  A dire elephant simulacrum (IceCv)
  55 yaks
  6 wraiths
  3 wyverns
  6 basilisks
  Eustachio (D:6)
  2 hungry ghosts
  2 death yak simulacra (IceCv)
  Grum (D:8)
  9 insubstantial wisps (Swamp:3)
  Menkaure (D:7)
  4 harpy simulacra (IceCv)
  15 vampire mosquitoes
  An iron troll simulacrum (IceCv)
  4 wargs
  Edmund (D:5)
  A soldier ant (D:7)
  21 swamp worms
  14 water moccasins
  12 porcupines
  3 hydra simulacra (IceCv)
  5 swamp drakes
  A floating eye (D:9)
  19 ice beasts
  34 orc warriors
  2 ettin simulacra (IceCv)
  4 phantoms
  A black bear (D:9)
  4 sky beasts
  An eye of draining (D:10)
  15 ogres
  6 wolves
  23 centaurs
  19 crocodiles
  13 big kobolds
  13 bullfrogs
  A wyvern skeleton (D:14)
  4 scorpions
  A water moccasin skeleton (D:8)
  An elephant simulacrum (IceCv)
  31 killer bees
  6 wights (D:9)
  15 crimson imps
  6 draconian simulacra (IceCv)
  7 jellies
  3 bullfrog zombies
  6 human zombies (D:9)
  26 orc priests
  4 bullfrog skeletons
  6 hounds
  32 orc wizards
  4 centaur skeletons
  2 iguanas
  15 worker ants
  2 troll simulacra (IceCv)
  A spriggan simulacrum (IceCv)
  A statue (D:8)
  A wolf simulacrum (IceCv)
  4 centaur simulacra (IceCv)
  2 hound zombies (D:8)
  4 gnolls
  11 adders
  2 howler monkey skeletons
  A naga simulacrum (IceCv)
  2 shadow imps
  12 white imps
  7 ufetubi (IceCv)
  4 oozes
  An adder zombie (D:8)
  2 adder skeletons
  3 worms
  An adder simulacrum (D:8)
  2 dart slugs (D:1)
  7 leopard geckos
  112 orcs
  3 ball pythons
  5 giant cockroaches
  16 goblins
  9 hobgoblins
  15 jackals
  2 quokkas
  7 bats
  8 frilled lizards
  A jackal skeleton (D:7)
  A jackal zombie (D:9)
  50 kobolds
  9 rats
  A fungus (Lair:5)
1115 creatures vanquished.

Vanquished Creatures (collateral kills)
  The ghost of Voxish the Stormcaller, an adept DrAE of Vehumet (Lair:4)
  An orc warlord (Orc:2)
  Snorg (Lair:6)
  A shambling mangrove (Swamp:4)
  A spiny frog (Swamp:4)
  2 hornets (Swamp:4)
  A tyrant leech (Swamp:4)
  A shadow (Swamp:4)
9 creatures vanquished.

Vanquished Creatures (others)
  A swamp drake (Swamp:2)
  A jackal (D:9)
  29 fungi
  12 plants
43 creatures vanquished.

Grand Total: 1167 creatures vanquished

Notes
Turn   | Place    | Note
-------+----------+-------------------------------------------
     0 | D:1      | mopl the Gnoll Berserker began the quest for the Orb.
     0 | D:1      | Reached XP level 1. HP: 20/20 MP: 1/1
    23 | D:1      | Reached skill level 5 in Fighting
    93 | D:1      | Reached XP level 2. HP: 20/27 MP: 2/2
   212 | D:1      | Reached skill level 4 in Armour
   258 | D:1      | Reached skill level 4 in Dodging
   294 | D:1      | Reached XP level 3. HP: 3/33 MP: 3/3
   633 | D:1      | Reached ** piety under Trog
  1310 | D:2      | Reached XP level 4. HP: 40/40 MP: 4/4
  1312 | D:2      | Reached skill level 6 in Fighting
  1505 | D:2      | Reached skill level 5 in Armour
  1830 | D:3      | Noticed an ogre
  1835 | D:3      | Reached *** piety under Trog
  1839 | D:3      | Killed an ogre
  1839 | D:3      | Reached skill level 6 in Armour
  1839 | D:3      | Reached skill level 5 in Dodging
  1839 | D:3      | Reached XP level 5. HP: 47/47 MP: 5/5
  2505 | D:4      | Noticed a two-headed ogre
  2519 | D:4      | Killed a two-headed ogre
  2519 | D:4      | Reached skill level 8 in Fighting
  2519 | D:4      | Reached skill level 7 in Armour
  2519 | D:4      | Reached skill level 7 in Dodging
  2519 | D:4      | Reached XP level 6. HP: 17/56 MP: 6/6
  2519 | D:4      | Reached XP level 7. HP: 19/62 MP: 7/7
  2852 | D:4      | Reached XP level 8. HP: 68/68 MP: 8/8
  2860 | D:4      | Found a shattered altar of Ashenzari.
  3094 | D:4      | Reached skill level 1 in Staves
  3406 | D:4      | Reached skill level 2 in Staves
  3547 | D:4      | Reached skill level 8 in Armour
  3615 | D:3      | Reached skill level 3 in Staves
  3766 | D:3      | Reached skill level 4 in Staves
  3957 | D:3      | Reached **** piety under Trog
  4001 | D:3      | Reached skill level 5 in Staves
  4001 | D:3      | Reached skill level 8 in Dodging
  4036 | D:3      | Reached skill level 6 in Staves
  4056 | D:3      | Reached XP level 9. HP: 63/75 MP: 9/9
  4266 | D:5      | Entered Level 5 of the Dungeon
  4422 | D:5      | Found a sparkling altar of Nemelex Xobeh.
  4453 | D:5      | Noticed Edmund
  4465 | D:5      | Killed Edmund
  4465 | D:5      | Reached skill level 1 in Throwing
  4465 | D:5      | Reached skill level 1 in Evocations
  4523 | D:5      | Found a shattered altar of Ashenzari.
  4647 | D:5      | Found a staircase to the Ecumenical Temple.
  4933 | D:5      | Found a blossoming altar of Fedhas.
  4933 | D:5      | Found a bloodstained altar of Trog.
  4938 | D:5      | Found a snail-covered altar of Cheibriados.
  4942 | D:5      | Reached skill level 7 in Staves
  4942 | D:5      | Reached skill level 2 in Evocations
  4945 | D:5      | Found a shadowy altar of Dithmenos.
  4948 | D:5      | Found a faded altar of an unknown god.
  5007 | D:6      | Reached skill level 2 in Throwing
  5119 | D:6      | Noticed Grinder
  5124 | D:6      | Paralysed by Grinder for 2 turns
  5133 | D:6      | Killed Grinder
  5141 | D:6      | Reached skill level 3 in Throwing
  5174 | D:6      | Noticed Eustachio
  5188 | D:6      | Found an opulent altar of Gozag.
  5204 | D:6      | Killed Eustachio
  5204 | D:6      | Reached skill level 3 in Evocations
  5514 | D:6      | Reached skill level 9 in Fighting
  5580 | D:6      | Found a hazy altar of Hepliaklqana.
  5619 | D:7      | Reached skill level 4 in Throwing
  5736 | D:7      | Reached skill level 4 in Evocations
  5745 | D:7      | Reached skill level 8 in Staves
  5745 | D:7      | Reached XP level 10. HP: 79/83 MP: 13/13
  5773 | D:7      | Found Kaodd's Food Shoppe.
  5978 | D:7      | Reached ***** piety under Trog
  6024 | D:7      | Reached skill level 5 in Throwing
  6024 | D:7      | Reached skill level 9 in Armour
  6149 | D:7      | Got a bloodstained rapier
  6150 | D:7      | Identified the +0 rapier "Fesajala" {pain, rPois Str+7 Dex-2} (You found it on level 7 of the Dungeon)
  6206 | D:7      | Noticed Menkaure
  6216 | D:7      | Killed Menkaure
  6385 | D:8      | Reached skill level 5 in Evocations
  6427 | D:8      | Noticed a gargoyle
  6494 | D:8      | Killed a gargoyle
  6494 | D:8      | Reached skill level 9 in Dodging
  6709 | D:8      | Found a burning altar of Makhleb.
  6768 | D:8      | Found Nowiz's Magic Scroll Shoppe.
  6851 | D:8      | Bought a scroll of random uselessness for 12 gold pieces
  6851 | D:8      | Bought a scroll of magic mapping for 42 gold pieces
  6851 | D:8      | Bought a scroll of teleportation for 36 gold pieces
  6851 | D:8      | Bought a scroll of silence for 90 gold pieces
  6851 | D:8      | Bought a scroll of torment for 90 gold pieces
  6851 | D:8      | Bought a scroll of identify for 24 gold pieces
  6851 | D:8      | Bought a scroll of identify for 24 gold pieces
  6851 | D:8      | Bought a scroll of identify for 24 gold pieces
  6851 | D:8      | Bought a scroll of identify for 24 gold pieces
  6851 | D:8      | Bought a scroll of teleportation for 36 gold pieces
  6851 | D:8      | Bought 3 scrolls of identify for 72 gold pieces
  6886 | D:8      | Reached skill level 6 in Throwing
  6887 | D:8      | Noticed Psyche
  6943 | D:8      | Killed Psyche
  6995 | D:8      | Reached skill level 6 in Evocations
  7065 | D:8      | Noticed Grum
  7097 | D:8      | Killed Grum
  7212 | D:8      | Noticed a deep troll
  7269 | D:8      | Noticed a guardian serpent
  7276 | D:7      | a guardian serpent changed into a rime drake
  7279 | D:7      | Reached skill level 9 in Staves
  7319 | D:8      | Identified the Compendium of Warped Poison
  7395 | D:8      | Reached XP level 11. HP: 89/89 MP: 15/15
  7451 | D:8      | Found a radiant altar of Vehumet.
  7571 | D:8      | Noticed a flayed ghost
  7571 | D:8      | Noticed a cyclops
  7592 | D:7      | Killed a flayed ghost
  7606 | D:8      | Killed a cyclops
  7606 | D:8      | Reached skill level 7 in Throwing
  7638 | D:8      | Noticed an orc knight
  7638 | D:8      | Noticed a cyclops
  7665 | D:8      | Killed an orc knight
  7665 | D:8      | Reached skill level 7 in Evocations
  7673 | D:8      | Killed a cyclops
  7897 | D:8      | Noticed a wolf spider
  7907 | D:8      | Killed a wolf spider
  8072 | D:8      | Received a gift from Trog
  8219 | D:9      | Identified the Grimoire of Clay and Boosts
  8319 | D:9      | Paralysed by a floating eye for 2 turns
  8325 | D:9      | Paralysed by a floating eye for 2 turns
  8709 | D:9      | Noticed Erolcha
  8711 | D:9      | Found a hide-covered altar of Uskayaw.
  8720 | D:9      | Killed Erolcha
  9099 | D:9      | Found a basalt altar of Yredelemnul.
  9147 | D:9      | Reached skill level 8 in Throwing
  9275 | D:9      | Found a deep blue altar of Sif Muna.
  9379 | D:10     | Entered Level 10 of the Dungeon
  9408 | D:10     | Received a gift from Trog
  9539 | D:10     | Reached XP level 12. HP: 78/97 MP: 17/17
  9584 | D:10     | Noticed Josephine
  9596 | D:10     | Killed Josephine
  9602 | D:10     | Reached skill level 10 in Staves
  9862 | D:10     | Reached skill level 8 in Evocations
 10091 | D:10     | Received a gift from Trog
 10506 | D:10     | Found a staircase to the Lair.
 10512 | Lair:1   | Entered Level 1 of the Lair of Beasts
 10823 | Lair:1   | Received a gift from Trog
 10981 | Lair:1   | Reached skill level 10 in Fighting
 11891 | Lair:1   | Reached skill level 10 in Armour
 12167 | Lair:2   | Received a gift from Trog
 12167 | Lair:2   | Reached skill level 10 in Dodging
 12184 | Lair:2   | Got a pitted lapis lazuli ring
 12193 | Lair:2   | Identified the Tome of Earthen Slavery
 12217 | Lair:2   | Identified the ring of Teorudam {Ice Str+4} (You found it on level 2 of the Lair of Beasts)
 12251 | Lair:2   | Reached XP level 13. HP: 103/103 MP: 19/19
 12443 | Lair:2   | Found a hole to the Spider Nest.
 12569 | Lair:2   | Got a steaming falchion
 12570 | Lair:2   | Identified the +3 falchion of Tortfeasance {flame, rF- rN+ MP+9} (You found it on level 2 of the Lair of Beasts)
 12821 | Lair:2   | Reached skill level 9 in Evocations
 12831 | Lair:1   | Reached skill level 9 in Throwing
 13177 | Lair:3   | Found a shadowy altar of Dithmenos.
 13530 | Lair:3   | Found a staircase to the Swamp.
 14341 | Lair:4   | Noticed Voxish's ghost (adept DrAE)
 14741 | Lair:4   | Killed Voxish's ghost
 16444 | Lair:5   | HP: 5/104 [meliai/divine providence (9)]
 16580 | Lair:5   | Received a gift from Trog
 16678 | Lair:5   | Reached XP level 14. HP: 111/111 MP: 21/21
 17018 | Lair:5   | Reached skill level 11 in Staves
 17401 | Lair:6   | Entered Level 6 of the Lair of Beasts
 17401 | Lair:6   | Noticed Snorg
 17487 | Lair:5   | Received a gift from Trog
 17965 | Lair:6   | Received a gift from Trog
 18334 | Lair:6   | Found a staircase to the Slime Pits.
 18366 | Lair:6   | Received a gift from Trog
 18672 | Lair:6   | Killed Snorg
 20388 | Lair:6   | Reached skill level 10 in Evocations
 20656 | Lair:6   | Reached XP level 15. HP: 117/117 MP: 22/22
 20674 | Lair:6   | Reached skill level 10 in Throwing
 20826 | Lair:6   | Received a gift from Trog
 21047 | D:11     | Found a flickering gateway to a bazaar.
 21057 | Bazaar   | Entered a bazaar
 21059 | Bazaar   | Found Jegurunoh's General Store.
 21063 | Bazaar   | Bought 3 needles of confusion for 16 gold pieces
 21063 | Bazaar   | Found Cukhun's Antique Armour Boutique.
 21063 | Bazaar   | Found Fankel's Distillery.
 21064 | Bazaar   | Found Fuyh Lavye's Antique Armour Boutique.
 21094 | Bazaar   | Bought a potion of heal wounds for 55 gold pieces
 21094 | Bazaar   | Bought a potion of heal wounds for 55 gold pieces
 21094 | Bazaar   | Bought a potion of curing for 33 gold pieces
 21094 | Bazaar   | Bought a potion of might for 44 gold pieces
 21094 | Bazaar   | Bought a potion of curing for 33 gold pieces
 21094 | Bazaar   | Bought a potion of lignification for 33 gold pieces
 21110 | Bazaar   | Bought a blackened cloak for 294 gold pieces
 21115 | Bazaar   | Identified the +1 cloak "Yrorhet" {rPois rN++ Str-2 Dex-2} (You bought it in a shop in a bazaar)
 21763 | D:12     | Noticed Gastronok
 21772 | D:12     | Killed Gastronok
 21772 | D:12     | Received a gift from Trog
 21905 | D:12     | Found a staircase to the Orcish Mines.
 22494 | D:12     | Received a gift from Trog
 22739 | Orc:1    | Entered Level 1 of the Orcish Mines
 22739 | Orc:1    | Found Osuvom's General Store.
 22757 | Orc:1    | Found Vicw's Magic Scroll Emporium.
 22788 | Orc:1    | Bought a scroll of fog for 28 gold pieces
 22835 | Orc:1    | Found Neeruxt's Book Emporium.
 22883 | Orc:1    | Bought a scroll of blinking for 112 gold pieces
 22897 | Orc:1    | Received a gift from Trog
 23028 | Orc:1    | Reached ****** piety under Trog
 23028 | Orc:1    | Reached skill level 11 in Armour
 23346 | Orc:1    | Found Sanimaun's Magic Scroll Boutique.
 23433 | Orc:2    | Entered Level 2 of the Orcish Mines
 23473 | Orc:2    | Received a gift from Trog
 23688 | Orc:2    | Found a roughly hewn altar of Beogh.
 23777 | Orc:2    | Found a roughly hewn altar of Beogh.
 23861 | Orc:2    | Found a roughly hewn altar of Beogh.
 23909 | Orc:2    | Found a roughly hewn altar of Beogh.
 23910 | Orc:2    | Found Mokhes's Food Shoppe.
 24268 | Orc:2    | Found a roughly hewn altar of Beogh.
 24276 | Orc:2    | Found Fumye's General Store.
 24298 | Orc:2    | Found a staircase to the Elven Halls.
 24363 | Orc:2    | Found a roughly hewn altar of Beogh.
 24511 | Orc:2    | Found Lott's General Store.
 24546 | Orc:2    | Found a roughly hewn altar of Beogh.
 24663 | Orc:2    | Noticed an orc warlord
 24715 | Orc:2    | Killed an orc warlord
 25249 | Orc:2    | Received a gift from Trog
 25430 | Orc:2    | Found Notuwkir's Antique Armour Shop.
 25436 | Orc:2    | Found a roughly hewn altar of Beogh.
 25439 | Orc:2    | Found Kokyb's Antique Weapon Boutique.
 26059 | D:13     | Noticed Sonja
 26073 | D:13     | Killed Sonja
 26368 | D:13     | Reached skill level 11 in Fighting
 26480 | D:13     | Found a sparkling altar of Nemelex Xobeh.
 26532 | D:13     | Reached skill level 11 in Dodging
 26559 | D:13     | Received a gift from Trog
 29099 | D:14     | Reached XP level 16. HP: 98/125 MP: 7/23
 29544 | D:14     | Received a gift from Trog
 29999 | D:14     | Found a gate to the Vaults.
 30020 | D:14     | Reached skill level 12 in Staves
 30180 | D:15     | Entered Level 15 of the Dungeon
 30783 | D:15     | Received a gift from Trog
 31451 | D:15     | Found a staircase to the Depths.
 32405 | D:8      | Bought a scroll of acquirement for 624 gold pieces
 32542 | Orc:1    | Bought a scroll of silence for 90 gold pieces
 32542 | Orc:1    | Bought a scroll of recharging for 114 gold pieces
 32542 | Orc:1    | Bought a scroll of identify for 24 gold pieces
 32542 | Orc:1    | Bought a scroll of magic mapping for 42 gold pieces
 32542 | Orc:1    | Bought a scroll of identify for 24 gold pieces
 32542 | Orc:1    | Bought 2 scrolls of identify for 48 gold pieces
 32542 | Orc:1    | Bought a scroll of identify for 24 gold pieces
 32542 | Orc:1    | Bought a scroll of fog for 24 gold pieces
 32542 | Orc:1    | Bought a scroll of silence for 90 gold pieces
 32568 | Orc:1    | Bought a scroll of identify for 30 gold pieces
 32568 | Orc:1    | Bought a scroll of teleportation for 45 gold pieces
 32568 | Orc:1    | Bought a scroll of teleportation for 45 gold pieces
 32568 | Orc:1    | Bought a scroll of identify for 30 gold pieces
 32568 | Orc:1    | Bought a scroll of identify for 30 gold pieces
 32568 | Orc:1    | Bought a scroll of fog for 30 gold pieces
 32602 | Orc:2    | Bought a scroll of teleportation for 42 gold pieces
 32815 | Swamp:1  | Entered Level 1 of the Swamp
 32816 | Swamp:1  | Upgraded the game from 0.20-a0-1109-ge3cd172 to 0.20-a0-1117-g62da73f
 33416 | Swamp:1  | Received a gift from Trog
 33419 | Swamp:1  | Got a scorched quarterstaff {god gift}
 33420 | Swamp:1  | Identified the +1 quarterstaff of Satyriasis {freeze, *Rage rF- SInv Stlth+} (Trog gifted it to you on level 1 of the Swamp)
 34650 | Swamp:2  | HP: 4/125 [alligator (9)]
 35949 | Swamp:3  | Reached XP level 17. HP: 131/131 MP: 24/24
 36010 | Swamp:3  | Received a gift from Trog
 37577 | Swamp:3  | Identified the +5 ring mail of Cuugrue {rF- MR+ Slay+2} (You found it on level 3 of the Swamp)
 37721 | Swamp:3  | Received a gift from Trog
 37834 | Swamp:3  | Received a gift from Trog
 38687 | Swamp:4  | Entered Level 4 of the Swamp
 38811 | Swamp:4  | Found a frozen archway.
 38879 | IceCv    | Entered an ice cave
 39559 | IceCv    | Got a glittering platinum ring
 39576 | IceCv    | Received a gift from Trog
 39583 | IceCv    | Identified the ring "Uttuhier" {+Blink rN+ MR+ Dex+6} (You found it in an ice cave)
 40792 | IceCv    | Noticed an Ice Fiend
 40829 | IceCv    | Killed an Ice Fiend
 41265 | Swamp:3  | HP: 6/196 [14-headed hydra (5)]
 41265 | Swamp:3  | HP: 1/196 [14-headed hydra (5)]
 41265 | Swamp:3  | Slain by a 14-headed hydra

Vault maps used:
D:1:      eino_arrival_water_cross
D:3:      minmay_goblin_kobold_castle, minmay_ogre_servants
D:4:      lemuel_coloured_pillars_altar
D:5:      chequers_temple_overflow_minitemple,
          nemelex_xobeh_ov_fountains_minmay, minmay_temple_entry_grid,
          first_bread, minmay_misc_feat_ornament, evilmike_ruin_ashenzari,
          uniq_edmund
D:6:      grunt_gozag_breadcrumbs, kennysheep_little_box, kennysheep_path_1,
          uniq_eustachio, uniq_grinder
D:7:      serial_shops, shop, uniq_menkaure
D:8:      marbit_many_paths, vehumet_statue, serial_shops, shop,
          blue_anna_alchemist, minmay_the_grid_octo_triangle, uniq_psyche,
          uniq_grum
D:9:      overflow_temple_1_default, lemuel_blue_sif_altar,
          lemuel_mausoleum_altar_yredelemnul, onia_ninara_cookie, uniq_erolcha
D:10:     grunt_lair_entry_orc_guard_hut, uniq_josephine
D:11:     serial_shops, bzr_entry_customers
D:12:     hiddenorc2_lemuel, minmay_nine_imps, uniq_gastronok
D:13:     minmay_ice_pillars, minmay_misc_feat_five,
          roderic_chinese_pattern_swastika, eino_small_chamber_without_monster,
          nemelex_diamond_rough_becter, uniq_sonja
D:14:     hangedman_vaults_entry_quadrant_bands, nrook_mini_vaults
D:15:     hangedman_depths_entry_civil_slaughter, minmay_misc_feat_roman,
          abandoned_shop
Lair:1:   beast_lair_carwin_large_2, serial_bayou_shore_b, serial_bayou_shore_b,
          grunt_megastairs_4
Lair:2:   spider_nest_entry_web_field, st_stairs_7, minmay_lindwurm_lava,
          lemuel_fruit_fields
Lair:3:   minmay_swamp_entry_worms, basic_altar, minivault_25
Lair:5:   special_room, grunt_megastairs_3
Lair:6:   hangedman_lair_in_review, slime_dummy, serial_bayou_lagoon_a,
          uniq_snorg
Swamp:1:  hangedman_swamp_ruin_wall, nicolae_swamp_orc_logging_accident
Swamp:2:  evilmike_swamp_ruin_rubble_2, swamp_pool3, nicolae_swamp_treefoil
Swamp:3:  evilmike_swamp_ruin_house_4
Swamp:4:  grunt_swamp_rune_castle, portal_ice_cave_entry_ice_statue_one,
          infiniplex_staircase_pool_2
Orc:1:    serial_shops, shop, shop, shop, shop
Orc:2:    grunt_orc_community_town_hall, grunt_orc_community_big_house_2,
          grunt_orc_community_big_house_1, grunt_orc_community_house_2,
          grunt_orc_community_house_2, grunt_orc_community_house_3,
          grunt_orc_community_house_2, grunt_orc_community_house_3,
          grunt_orc_community_house_1, serial_shops, shop
Bazaar:   bazaar_minmay_cross
IceCv:    ice_cave_caverns_02

Skill      XL: |  1  2  3  4  5  6  7  8  9 10 11 12 13 14 15 16 |
---------------+-------------------------------------------------+-----
Fighting       | 5 6 8 9 10 11 | 11.5
Armour         | 4 6 7 8 9 10 11 | 11.6
Dodging        | 4 5 7 8 9 10 11 | 11.5
Staves         | 6 8 9 10 11 12 | 12.4
Throwing       | 4 6 8 9 10 | 10.3
Evocations     | 4 6 7 8 9 10 | 10.0
Maces & Flails | |  4.8

Action                   |  1- 3 |  4- 6 |  7- 9 | 10-12 | 13-15 | 16-18 || total
-------------------------+-------+-------+-------+-------+-------+-------++-------
Melee: Mace              |   175 |       |       |       |       |       ||   175
       Bite              |    15 |     9 |    48 |   134 |   332 |   203 ||   741
       Whip              |     4 |     3 |       |       |       |       ||     7
       Spear             |       |    82 |    24 |       |       |       ||   106
       Quarterstaff      |       |       |   365 |   842 |  1589 |    25 ||  2821
       Lajatang          |       |       |       |       |   352 |  1251 ||  1603
       Unarmed           |       |       |       |       |    18 |       ||    18
 Fire: Blowgun           |       |       |       |       |     4 |       ||     4
Throw: Javelin           |       |       |       |    17 |    39 |    67 ||   123
       Stone             |       |       |       |       |    48 |    14 ||    62
       Tomahawk          |       |       |       |       |    48 |       ||    48
Invok: Berserk           |     4 |     3 |     9 |    23 |    32 |     5 ||    76
       Trog's Hand       |       |       |     1 |    11 |     9 |     4 ||    25
       Brothers in Arms  |       |       |       |       |     5 |     1 ||     6
       Burn Spellbooks   |       |       |       |       |     1 |     3 ||     4
 Abil: Evoke Flight      |       |       |       |     2 |     1 |       ||     3
Evoke: Wand              |       |       |       |     5 |     2 |     2 ||     9
  Use: Scroll            |       |     5 |     3 |    13 |    17 |    14 ||    52
       Potion            |       |     1 |       |     2 |     1 |     5 ||     9
 Stab: Sleeping          |     1 |       |       |       |       |       ||     1
       Paralysed         |       |       |       |       |     2 |       ||     2
       Distracted        |       |       |       |       |     1 |     1 ||     2
       Confused          |       |       |       |       |       |     3 ||     3
  Eat: Chunk             |     4 |     6 |    20 |    46 |    66 |    17 ||   159
       Royal jelly       |       |       |     1 |       |     8 |     4 ||    13
       Fruit             |       |       |       |     3 |    10 |     6 ||    19
       Bread ration      |       |       |       |       |       |     4 ||     4
Armor: Animal skin       |    16 |       |       |       |       |       ||    16
       Ring mail         |    48 |     9 |       |       |       |       ||    57
       Chain mail        |       |    11 |   157 |       |       |       ||   168
       Plate armour      |       |       |    83 |   370 |   926 |   750 ||  2129
       Skin              |       |       |       |       |     2 |       ||     2
Dodge: Dodged            |   170 |    41 |   279 |   365 |  1019 |   780 ||  2654
